 Dungeon Crawl Stone Soup version 0.21-a0-621-gc60411f (webtiles) character file.

25337 Gaball the Fighter (level 13, -3/113 HPs)
             Began as a Formicid Abyssal Knight on Dec 23, 2017.
             Was a High Priest of Lugonu.
             Slain by an eight-headed hydra (4 damage)
             ... on level 3 of the Lair of Beasts on Dec 24, 2017.
             The game lasted 00:40:01 (17420 turns).

Gaball the Fighter (Formicid Abyssal Knight)       Turns: 17420, Time: 00:40:03

Health: -3/113     AC: 14    Str: 22    XL:     13   Next: 49%
Magic:  15/19      EV: 12    Int: 12    God:    Lugonu [*****.]
Gold:   891        SH:  0    Dex: 10    Spells: 12/12 levels left

rFire    . . .     SeeInvis +   i - +2 spear (venom)
rCold    + . .     Gourm    .   (no shield)
rNeg     . . .     Faith    .   P - +3 ring mail
rPois    +         Spirit   .   (helmet unavailable)
rElec    .         Reflect  .   t - +1 cloak {MR+}
rCorr    .         Harm     .   (no gloves)
MR       ++...                  U - +0 pair of boots
Stlth    ..........             L - amulet of rage
HPRegen  0.28/turn              x - ring of poison resistance
MPRegen  0.16/turn              W - ring of protection from cold

@: no status effects
A: permanent stasis, dig shafts and tunnels, four strong arms, antennae 3
a: Dig, Shaft Self, Depart the Abyss, Bend Space, Banish, Corrupt, Enter the
Abyss, Renounce Religion


You were on level 3 of the Lair of Beasts.
You worshipped Lugonu.
Lugonu was extremely pleased with you.
You were very hungry.

You visited 2 branches of the dungeon, and saw 14 of its levels.
You visited the Abyss 1 time.
You also visited: Ice Cave.

You collected 891 gold pieces.

Inventory:

Hand Weapons
 i - a +2 spear of venom (weapon)
 R - the +2 hunting sling of Eternal Vigilance {velocity, Str+4 Int+2 Dex+4, unknown}
   (You found it on level 10 of the Dungeon)

   Any stone fired from it inflicts extra damage.
   It affects your strength (+4).
   It affects your intelligence (+2).
   It affects your dexterity (+4).
Armour
 t - a +1 cloak of magic resistance (worn)
 P - a +3 ring mail (worn)
 U - a +0 pair of boots (worn)
Jewellery
 q - a +2 ring of intelligence
 u - an uncursed ring of see invisible
 v - an uncursed ring of ice
 x - a ring of poison resistance (left hand)
 D - an uncursed ring of protection from fire
 I - an uncursed ring of flight
 L - an amulet of rage (around neck)
 W - a ring of protection from cold (right hand)
Wands
 a - a wand of acid (7)
 l - a wand of disintegration (12)
 n - a wand of random effects (4)
 o - a wand of polymorph (37)
 B - a wand of iceblast (30)
 Q - a wand of enslavement (13)
 Z - a wand of clouds (4)
Scrolls
 b - a scroll of summoning {unknown}
 d - 7 scrolls of teleportation
 f - a scroll of magic mapping {unknown}
 h - 8 scrolls of remove curse
 k - 4 scrolls of enchant weapon
 w - a scroll of holy word {unknown}
 y - 3 scrolls of fog {unknown}
 C - 2 scrolls of blinking
 F - a scroll of noise {unknown}
 K - a scroll of fear {unknown}
 S - 4 scrolls of identify
Potions
 e - 2 potions of haste
 g - 6 potions of curing
 j - 2 potions of berserk rage
 p - 3 potions of heal wounds
 r - 2 potions of degeneration
 s - a potion of agility
 z - 3 potions of cancellation
 J - a potion of brilliance {unknown}
 M - a potion of flight {unknown}
 N - a potion of ambrosia {unknown}
Books
 m - a book of Conjurations

   Spells                             Type                      Level
   a - Magic Dart                     Conjuration                  1
   b - Searing Ray                    Conjuration                  2
   c - Dazzling Spray                 Conjuration/Hexes            3
   d - Fulminant Prism                Conjuration/Hexes            4
   e - Force Lance                    Conjuration/Translocation    4
   f - Iskenderun's Mystic Blast      Conjuration                  4
 A - a book of Debilitation

   Spells                             Type                      Level
   a - Corona                         Hexes                        1
   b - Slow                           Hexes                        2
   c - Inner Flame                    Hexes/Fire                   3
   d - Portal Projectile              Hexes/Translocation          3
   e - Cause Fear                     Hexes                        4
   f - Leda's Liquefaction            Hexes/Earth                  4
 E - a book of Cantrips

   Spells                             Type                      Level
   a - Confusing Touch                Hexes                        1
   b - Animate Skeleton               Necromancy                   1
   c - Summon Small Mammal            Summoning                    1
   d - Apportation                    Translocation                1
 O - a book of Transfigurations

   Spells                             Type                      Level
   a - Irradiate                      Conjuration/Transmutation    5
   b - Statue Form                    Transmutation/Earth          6
   c - Hydra Form                     Transmutation                6
   d - Dragon Form                    Transmutation                7
Miscellaneous
 V - a phantom mirror
 X - a lightning rod (2/4)
Comestibles
 c - 29 rations


   Skills:
 + Level 14.0 Fighting
 - Level 12.0 Polearms
 + Level 11.5 Armour
 + Level 4.2 Dodging
 - Level 8.4 Invocations


You had 12 spell levels left.
You didn't know any spells.

Dungeon Overview and Level Annotations

Branches:
Dungeon (11/15)            Temple (0/1) D:6            Lair (3/6) D:8
  Snake (0/4) Lair:2          Orc (0/2) D:10
  Swamp: Lair:2-4    Shoals: Lair:2-4

Altars:
Cheibriados
Hepliaklqana
Makhleb
Nemelex Xobeh
Okawaru
Uskayaw
Vehumet
Xom
Yredelemnul
Zin


Innate Abilities, Weirdness & Mutations

You cannot be hasted, slowed, berserked, paralysed or teleported.
You can dig through walls and to a lower floor.
Your four strong arms can wield two-handed weapons with a shield.
You have a pair of large antennae on your head. (SInv)


Message History

The eight-headed hydra bites you!
The eight-headed hydra barely misses you.
The eight-headed hydra bites you!
The eight-headed hydra bites you but does no damage.
The eight-headed hydra bites you.
Press: ? - help, Shift-Dir - straight line, f/p - eight-headed hydra
Aim: an eight-headed hydra (severely wounded, poisoned, chance to defeat MR: 56%)
The eight-headed hydra resists with significant effort.
You are feeling very hungry.
The eight-headed hydra bites you!
* * * LOW HITPOINT WARNING * * *
The eight-headed hydra bites you!
* * * LOW HITPOINT WARNING * * *
The eight-headed hydra barely misses you.
The eight-headed hydra bites you!
* * * LOW HITPOINT WARNING * * *
The eight-headed hydra bites you.
* * * LOW HITPOINT WARNING * * *
The eight-headed hydra bites you.
You die...

♣♣♣♣♣♣
♣♣(...♣♣♣
♣♣♣♣..♣♣♣..♣♣♣
......♣
♣♣♣..♣♣♣
♣♣...♣♣
♣♣♣..♣♣
♣...♣♣♣♣
♣♣♣)♣♣
♣♣.....♣
♣♣D♣♣♣♣♣♣
....♣♣♣♣.♣
♣♣@♣♣.♣.♣
.♣♣♣♣
♣......♣♣
♣♣♣.....♣
♣.....♣
♣♣...♣♣ ♣♣♣♣♣


You could see an eight-headed hydra.

Vanquished Creatures
  A hydra (Lair:1)
  A two-headed ogre (D:9)
  An ice statue (IceCv)
  The ghost of Gaball the Shield-Bearer, a novice GnFi of Lugonu (D:4)
  3 spiny frogs
  A centaur skeleton (D:10)
  4 komodo dragons
  13 polar bears (IceCv)
  A queen bee (D:8)
  Grinder (D:3)
  2 hornets (Lair:3)
  7 blink frogs
  5 hippogriffs
  8 spriggans (Lair:3)
  29 yaks
  Sigmund (D:2)
  4 wyverns
  A basilisk (Lair:2)
  A steam dragon (D:9)
  Menkaure (D:7)
  5 nagas
  6 water moccasins
  4 porcupines
  2 ice beasts
  2 sky beasts
  3 orc warriors (D:10)
  5 ogres
  3 phantoms
  13 wolves (IceCv)
  2 boggarts (Lair:3)
  2 centaurs
  2 crocodiles
  A big kobold (D:9)
  10 bullfrogs
  Blork the orc (D:4)
  A wyvern skeleton (D:8)
  2 scorpions
  17 killer bees
  An electric eel (D:10)
  A howler monkey (D:4)
  3 crimson imps
  A centaur zombie (D:8)
  3 hounds
  A bullfrog zombie (D:7)
  2 jellies
  5 orc priests
  A quasit (D:10)
  Crazy Yiuf (D:3)
  2 bullfrog skeletons
  Jessica (D:3)
  Ijyb (D:3)
  Terence (D:2)
  5 iguanas
  Natasha (D:4)
  9 orc wizards
  4 worker ants
  A hound skeleton (D:3)
  2 worker ant zombies
  11 adders
  10 gnolls
  A shadow imp (D:8)
  An ooze (D:3)
  An adder skeleton (D:8)
  4 worms (D:3)
  3 dart slugs
  3 leopard geckos
  47 orcs
  7 giant cockroaches
  8 goblins
  10 hobgoblins
  9 jackals
  7 quokkas
  2 ball pythons
  8 bats
  7 frilled lizards
  10 kobolds
  A leopard gecko skeleton (D:4)
  9 rats
  A spectral orc (D:4)
373 creatures vanquished.

Vanquished Creatures (collateral kills)
  A yak (Lair:1)
1 creature vanquished.

Vanquished Creatures (others)
  A frost giant (IceCv)
  A two-headed ogre (D:8)
  A tengu warrior (D:8)
  2 polar bears (IceCv)
  A porcupine (Lair:1)
  3 yaks (IceCv)
  7 wolves (IceCv)
  A fungus (Lair:1)
  A starspawn tentacle (IceCv)
18 creatures vanquished.

Grand Total: 392 creatures vanquished

Notes
Turn   | Place    | Note
-------+----------+-------------------------------------------
     0 | Abyss:1  | Gaball the Formicid Abyssal Knight began the quest for the Orb.
     0 | Abyss:1  | Reached XP level 1. HP: 18/18 MP: 2/2
    28 | Abyss:1  | Noticed a worldbinder
    30 | Abyss:1  | Noticed a small abomination
    30 | Abyss:1  | Noticed a merfolk siren
    30 | Abyss:1  | Noticed a merfolk siren
    30 | Abyss:1  | Noticed a merfolk siren
    30 | Abyss:1  | Noticed a merfolk siren
    32 | D:1      | Escaped the Abyss
   147 | D:1      | Reached * piety under Lugonu
   150 | D:1      | Reached XP level 2. HP: 22/24 MP: 3/3
   462 | D:1      | Reached XP level 3. HP: 5/29 MP: 4/4
  1091 | D:2      | Found a shimmering altar of Xom.
  1091 | D:2      | Found a burning altar of Makhleb.
  1094 | D:2      | Found an iron altar of Okawaru.
  1395 | D:2      | Noticed Terence
  1399 | D:2      | Killed Terence
  1399 | D:2      | Reached XP level 4. HP: 35/35 MP: 5/5
  1489 | D:2      | Reached ** piety under Lugonu
  1615 | D:2      | Noticed Sigmund
  1626 | D:2      | Killed Sigmund
  1626 | D:2      | Reached skill level 5 in Polearms
  1626 | D:2      | Reached XP level 5. HP: 30/41 MP: 6/6
  1626 | D:2      | Reached XP level 6. HP: 34/47 MP: 7/7
  1809 | D:3      | Noticed Grinder
  1822 | D:3      | Killed Grinder
  1822 | D:3      | Reached XP level 7. HP: 35/52 MP: 8/8
  1829 | D:3      | Noticed Ijyb
  1865 | D:3      | Killed Ijyb
  2297 | D:3      | Noticed Jessica
  2309 | D:3      | Killed Jessica
  2343 | D:3      | Reached *** piety under Lugonu
  2551 | D:3      | Found a runed door.
  2753 | D:3      | Noticed Crazy Yiuf
  2760 | D:3      | Killed Crazy Yiuf
  2867 | D:4      | Reached XP level 8. HP: 58/58 MP: 9/9
  2998 | D:4      | Noticed Blork the orc
  3020 | D:4      | Killed Blork the orc
  3262 | D:4      | Noticed Natasha
  3267 | D:4      | Killed Natasha
  3376 | D:4      | Noticed Gaball's ghost (novice GnFi)
  3451 | D:4      | Killed Gaball's ghost
  3451 | D:4      | Reached skill level 4 in Fighting
  3451 | D:4      | Reached skill level 10 in Polearms
  3834 | D:4      | Reached XP level 9. HP: 66/66 MP: 10/10
  3838 | D:4      | Found a basalt altar of Yredelemnul.
  4428 | D:5      | Entered Level 5 of the Dungeon
  4449 | D:5      | Found a snail-covered altar of Cheibriados.
  4467 | D:5      | Reached **** piety under Lugonu
  4591 | D:5      | Noticed a hand axe
  4619 | D:5      | Noticed a dagger
  4625 | D:5      | Found a hide-covered altar of Uskayaw.
  4663 | D:5      | Reached skill level 5 in Fighting
  5114 | D:6      | Found a glowing silver altar of Zin.
  5154 | D:6      | Found a staircase to the Ecumenical Temple.
  5428 | D:6      | Found a hazy altar of Hepliaklqana.
  5951 | D:7      | Reached skill level 6 in Fighting
  6040 | D:7      | Noticed Menkaure
  6216 | D:7      | Killed Menkaure
  6543 | D:7      | Noticed a hippogriff
  6659 | D:7      | Killed a hippogriff
  6872 | D:7      | Reached XP level 10. HP: 69/77 MP: 11/11
  7146 | D:7      | Found a radiant altar of Vehumet.
  7157 | D:7      | Reached skill level 7 in Fighting
  7284 | D:8      | Found a shimmering altar of Xom.
  7285 | D:8      | Found a shimmering altar of Xom.
  7286 | D:8      | Found a shimmering altar of Xom.
  7301 | D:8      | Found a shimmering altar of Xom.
  7304 | D:8      | Noticed a two-headed ogre
  7461 | D:8      | Found a sparkling altar of Nemelex Xobeh.
  7485 | D:8      | Noticed a tengu warrior
  7486 | D:8      | Banished a tengu warrior
  7640 | D:8      | Banished a two-headed ogre
  7640 | D:8      | Reached skill level 8 in Fighting
  7834 | D:8      | Found a staircase to the Lair.
  7834 | D:8      | Noticed a komodo dragon
  7892 | D:8      | Reached skill level 5 in Invocations
  8062 | D:8      | Reached ***** piety under Lugonu
  8322 | D:8      | Noticed an ice dragon
  8322 | D:8      | a slime creature changed into an ice dragon
  8409 | D:9      | Noticed a two-headed ogre
  8412 | D:9      | Killed a two-headed ogre
  8412 | D:9      | Reached skill level 9 in Fighting
  8412 | D:9      | Reached XP level 11. HP: 89/89 MP: 14/16
  9655 | D:10     | Entered Level 10 of the Dungeon
  9925 | D:10     | Reached skill level 10 in Fighting
 10156 | D:10     | Reached skill level 5 in Armour
 10206 | D:10     | Got a polished hunting sling
 11055 | D:10     | Found a staircase to the Orcish Mines.
 11203 | D:11     | Noticed an eight-headed hydra
 11316 | D:8      | Noticed a harpy
 11324 | Lair:1   | Entered Level 1 of the Lair of Beasts
 11364 | Lair:1   | Noticed a four-headed hydra
 11374 | Lair:1   | Killed a four-headed hydra
 11462 | Lair:1   | Reached skill level 11 in Fighting
 11891 | Lair:1   | Reached XP level 12. HP: 73/100 MP: 18/18
 12017 | Lair:1   | Found a frozen archway.
 12047 | IceCv    | Entered an ice cave
 12520 | IceCv    | Reached skill level 12 in Fighting
 13108 | IceCv    | Corrupted IceCv
 13108 | IceCv    | Noticed a starcursed mass
 13108 | IceCv    | Noticed a thrashing horror
 13108 | IceCv    | Noticed a tentacled starspawn
 13108 | IceCv    | Noticed a thrashing horror
 13110 | IceCv    | Noticed a thrashing horror
 13114 | IceCv    | Noticed a soul eater
 13114 | IceCv    | Noticed a lich
 13119 | IceCv    | Noticed a starcursed mass
 13145 | IceCv    | Noticed a flayed ghost
 13152 | IceCv    | Noticed a large abomination
 13803 | IceCv    | Noticed a frost giant
 13827 | IceCv    | Banished a frost giant
 13827 | IceCv    | Reached skill level 10 in Armour
 13853 | IceCv    | Reached skill level 13 in Fighting
 15144 | Lair:2   | Reached XP level 13. HP: 81/111 MP: 19/19
 15206 | Lair:2   | Reached skill level 1 in Dodging
 15257 | Lair:2   | Found a staircase to the Snake Pit.
 17360 | Lair:3   | Reached skill level 14 in Fighting
 17405 | Lair:3   | Noticed an eight-headed hydra
 17420 | Lair:3   | HP: 4/113 [eight-headed hydra (9)]
 17420 | Lair:3   | HP: 1/113 [eight-headed hydra (3)]
 17420 | Lair:3   | Slain by an eight-headed hydra

Vault maps used:
D:1:      saegor_arrival_simple_c, serial_curves, eino_curves_02,
          eino_curves_01, minmay_misc_feat_pillars
D:2:      cheibrodos_greedy_goblins, grunt_temple_overflow_open, uniq_sigmund,
          uniq_terence
D:3:      first_ration, uniq_ijyb, uniq_crazy_yiuf_cottage, uniq_grinder,
          uniq_jessica
D:4:      wad_crossroads, yredelemnul_forgotten_temple_becter,
          uniq_blork_the_orc, uniq_natasha
D:5:      kennysheep_slug_shrine, dancing_weapons_uskayaw
D:6:      lemuel_doored_altar, kennysheep_mini_moat,
          minmay_temple_entry_large_hall
D:7:      kennysheep_mini, uniq_menkaure
D:8:      minmay_diamond_stairs, nemelex_xobeh_ov_fountains_minmay,
          david_nohive_1, xom_shifter_show
D:10:     erik_orc_2
D:11:     kennysheep_generic_room_12, uniq_grum
Lair:1:   portal_ice_cave_entry_pillars_1
Lair:2:   minmay_snake_entry_guardpost_medium, lab_entry_generic
Lair:3:   kb_forest_paths, elwin_shoals_entry_rocks
IceCv:    ice_cave_caverns_01

Skill      XL: |  1  2  3  4  5  6  7  8  9 10 11 12 13 |
---------------+----------------------------------------+-----
Polearms       | 3 4 5 7 8 10 11 12 | 12.0
Fighting       | 4 6 9 11 13 14 | 14.0
Armour         | 4 7 10 11 | 11.5
Invocations    | 7 8 |  8.4
Dodging        | 4 |  4.2

Action                   |  1- 3 |  4- 6 |  7- 9 | 10-12 | 13-15 || total
-------------------------+-------+-------+-------+-------+-------++-------
Melee: Spear             |    81 |    55 |   523 |  1080 |   276 ||  2015
Invok: Depart the Abyss  |     1 |       |       |       |       ||     1
       Bend Space        |       |       |     1 |       |       ||     1
       Banish            |       |       |       |     6 |     1 ||     7
       Corrupt           |       |       |       |     1 |       ||     1
Evoke: Wand              |       |       |    10 |    28 |     9 ||    47
       Lightning rod     |       |       |       |       |     4 ||     4
  Use: Potion            |       |       |     2 |     6 |       ||     8
       Scroll            |       |       |     4 |     3 |       ||     7
 Stab: Paralysed         |       |       |     4 |       |       ||     4
       Confused          |       |       |       |     2 |     3 ||     5
  Eat: Chunk             |     2 |       |    13 |    25 |     4 ||    44
       Ration            |       |       |     1 |     1 |     1 ||     3
Armor: Leather armour    |    15 |     4 |     3 |       |       ||    22
       Chain mail        |       |       |   120 |    74 |       ||   194
       Ring mail         |       |       |       |   166 |    68 ||   234
Dodge: Dodged            |    36 |    15 |    80 |   274 |    64 ||   469

Table legend:
 A = Spawn XP
 B = Non-spawn XP
 C = Spawn XP percentage of total XP
 D = Spawn monster count
 E = Non-spawn monster count
 F = Spawn count percentage of total count
 G = Total turns spent on level
                    A         B        C        D         E        F      G
               +---------+---------+-------+---------+---------+-------+---------
         Total |       0 |   36196 |   0.0 |       0 |     378 |   0.0 | 17420
               +---------+---------+-------+---------+---------+-------+---------
           D:1 |       0 |      32 |   0.0 |       0 |      18 |   0.0 |  1059
           D:2 |       0 |     270 |   0.0 |       0 |      27 |   0.0 |   674
           D:3 |       0 |     634 |   0.0 |       0 |      44 |   0.0 |  1080
           D:4 |       0 |    1118 |   0.0 |       0 |      33 |   0.0 |  1583
           D:5 |       0 |     355 |   0.0 |       0 |      12 |   0.0 |   684
           D:6 |       0 |     562 |   0.0 |       0 |      14 |   0.0 |   956
           D:7 |       0 |    1303 |   0.0 |       0 |      20 |   0.0 |  1156
           D:8 |       0 |    3152 |   0.0 |       0 |      35 |   0.0 |  1200
           D:9 |       0 |    1794 |   0.0 |       0 |      21 |   0.0 |  1301
          D:10 |       0 |    3194 |   0.0 |       0 |      48 |   0.0 |  1546
        Lair:1 |       0 |    4461 |   0.0 |       0 |      20 |   0.0 |  1378
        Lair:2 |       0 |    4547 |   0.0 |       0 |      21 |   0.0 |  1508
        Lair:3 |       0 |    4659 |   0.0 |       0 |      20 |   0.0 |   694
         IceCv |       0 |   10115 |   0.0 |       0 |      45 |   0.0 |  2516
               +---------+---------+-------+---------+---------+-------+---------
